AoeStats
← TheGl0ryH0leFinder

Arabia

509652968Analyzed
1v1 RM · 6d ago on Sep 27, 2026· 49m 45s· 2 players
Game mode
Random Map
Map size
Tiny (2 player)
Population
200
Speed
Normal
Resources
Standard
Victory
Conquest
Starting age
Dark Age
Ending age
Imperial Age
RankedLock teamsTeams togetherTeam positionsShared explorationLock speedFull tech treeHidden civsTurbo modeCheats
Victory
Defeat
🇨🇳 Chinese · China
1139
+17
🇬🇧 Jurchens · United Kingdom
1152
-17
拼命三郎石秀
0:28 Loom
9:51 Feudal Age
10:23 Double-Bit Axe
14:06 Horse Collar
17:46 Fletching
22:52 Castle Age
21:04 Gold Mining
23:29 Padded Archer Armor
23:35 Scale Barding Armor
24:00 Bow Saw
23:18 Crossbowman
23:56 Bodkin Arrow
24:34 Bloodlines
26:17 Gold Shaft Mining
30:26 Leather Archer Armor
30:24 Heavy Plow
32:36 Ballistics
33:00 Chain Barding Armor
33:35 Wheelbarrow
40:09 Imperial Age
38:32 Hand Cart
38:03 Town Watch
40:18 Thumb Ring
41:13 Conscription
41:13 Elite Chu Ko Nu
42:16 Stone Mining
43:12 Husbandry
44:36 Bracer
44:21 Cavalier
45:51 Plate Barding Armor
45:46 Ring Archer Armor
46:05 Forging
49:36 Two-Man Saw
TheGl0ryH0leFinder
7:12 Loom
9:55 Feudal Age
10:28 Double-Bit Axe
12:05 Horse Collar
21:17 Castle Age
19:28 Scale Mail Armor
19:38 Forging
20:01 Forging
20:37 Bloodlines
23:59 Gambesons
24:53 Bow Saw
29:39 Wheelbarrow
28:58 Gold Mining
28:58 Stone Mining
29:47 Town Watch
30:11 Squires
30:31 Padded Archer Armor
32:34 Leather Archer Armor
32:09 Fletching
33:21 Sanctity
37:22 Imperial Age
35:45 Bodkin Arrow
36:30 Chain Mail Armor
36:51 Iron Casting
37:00 Arson
38:31 Iron Casting
37:18 Elite Skirmisher
39:57 Scale Barding Armor
39:18 Light Cavalry
39:58 Husbandry
40:31 Hand Cart
43:00 Ballistics
42:44 Bracer
43:15 Ring Archer Armor
43:13 Heavy Plow
44:56 Conscription
47:43 Elite Fire Lancer
Connection lost

Rejoining the realm…

Still unreachable

The connection could not be restored.

Session expired

The server has moved on; the page needs a fresh start.